 Dungeon Crawl Stone Soup version 0.29.0-4-gdea44cf6ec (webtiles) character file.

Game seed: 14953172582583532974

20860 qw the Brawler (level 12, 0/118 HPs)
             Began as a Troll Cinder Acolyte on Sept 1, 2022.
             Was a Follower of Okawaru.
             Slain by a fire elemental (7 damage)
             ... created by the fiery vengeance of Ignis
             ... on level 2 of the Lair of Beasts.
             The game lasted 00:06:15 (11275 turns).

qw the Brawler (Troll Cinder Acolyte)              Turns: 11275, Time: 00:06:15

Health: 0/118      AC:  7    Str: 29    XL:     12   Next: 49%
Magic:  9/12       EV: 13    Int: 10    God:    Okawaru [*.....]
Gold:   313        SH:  9    Dex:  5    Spells: 13/13 levels left

rFire   . . .      SeeInvis .     - Unarmed
rCold   . . .      Faith    .   a - +0 kite shield
rNeg    . . .      Spirit   .   p - +0 troll leather armour
rPois   +          Reflect  .   (helmet restricted)
rElec   .          Harm     .   (no cloak)
rCorr   .          Rampage  .   (gloves unavailable)
Will    .....                   (boots unavailable)
Stlth   ++........              (no amulet)
HPRegen 1.89/turn               e - ring of poison resistance
MPRegen 0.13/turn               k - +4 ring of evasion

@: about to teleport, heroic, fire susceptible
A: large, unfitting armour, claws 3, regeneration 1, shaggy fur 1, tough skin 1,
horns 1, fire resistance 1, noise suppression
a: Renounce Religion, Heroism


You were on level 2 of the Lair of Beasts.
You worshipped Okawaru.
Okawaru was aware of your devotion.
You visited 3 branches of the dungeon, and saw 13 of its levels.

You collected 690 gold pieces.
You spent 377 gold pieces at shops.


Innate Abilities, Weirdness & Mutations

You are too large for most types of armour.
You have claws for hands.
Your natural rate of healing is unusually fast.
You are covered in fur. (AC +1)
You have tough skin. (AC +1)
You have a pair of small horns on your head.
Your flesh is heat resistant. (rF+)
You passively dampen the noise of your surroundings.


   Skills:
 - Level 7.0(12.0) Fighting
 - Level 5.0(10.0) Throwing
 - Level 1.0(6.0) Armour
 - Level 2.0(7.0) Dodging
 + Level 4.1(9.1) Shields
 - Level 17.6(22.6) Unarmed Combat
 - Level 1.0 Spellcasting
 - Level 2.1 Fire Magic
 + Level 1.2 Invocations


You had 13 spell levels left.
You didn't know any spells.
Your spell library contained the following spells:

 Spells                   Type           Power      Damage    Failure   Level
 Scorch                   Fire           8%         2d5       41%         2

Inventory:

Missiles
 j - 10 boomerangs (quivered)
Armour
 a - a +0 kite shield (worn)
 o - a +0 robe of fire resistance
 p - a +0 troll leather armour (worn)
Jewellery
 e - a ring of poison resistance (left claw)
 k - a +4 ring of evasion (right claw)
 q - a +4 ring of slaying {mikee}
Scrolls
 d - 2 scrolls of enchant armour
 n - 4 scrolls of identify
Potions
 c - a potion of resistance
 f - a potion of cancellation
 g - 4 potions of mutation
 h - 4 potions of curing
 l - a potion of haste
 m - 6 potions of might

Dungeon Overview and Level Annotations

Branches:
Dungeon (10/15)            Temple (1/1) D:4            Lair (2/5) D:10
  Swamp: Lair:2-3    Shoals: Lair:2-3     Snake: Lair:2-3    Spider: Lair:2-3
    Orc: D:9-12

Altars:
Ashenzari
Dithmenos
Elyvilon
Fedhas
Gozag
Hepliaklqana
Makhleb
Nemelex Xobeh
Okawaru
Qazlal
Ru
Sif Muna
Trog
Uskayaw
Vehumet
Wu Jian
Xom
The Shining One

Shops:
D:8 !

Annotations:
D:7 1 runed translucent door, Crazy Yiuf
D:10 1 runed translucent door, Yakesh's ghost, journeyman MiFi


Message History

11269 ||| READING 2 scrolls of teleportation.
As you read the scroll of teleportation, it crumbles to dust.
You feel strangely unstable. You block the death yak's attack.
The elephant tramples the fungus.
The elephant trunk-slaps the fungus.
11270 ||| Stepping ~*~*~tactically~*~*~ (outnumbered).
The death yak attacks as you move away! The death yak gores you!
The yak attacks as you move away! The yak barely misses you.
You block the death yak's attack.
The yak gores the fungus.
The fungus begins to die.
11271 ||| Stepping ~*~*~tactically~*~*~ (outnumbered).
Your surroundings suddenly seem different.
A cane toad comes into view.
Found 36 gold pieces.
The cane toad gives a loud, deep croak! "Attack, my last stalwart servants!" 3 fire elementals come into view.
Enter note:
11272 ||| READING scroll of teleportation.
As you read the scroll of teleportation, it crumbles to dust.
You feel strangely unstable.
You feel yourself speed up.
You feel like a meek peon again. You block the cane toad's attack.
The cane toad stings you!
11273 ||| INVOKING Heroism.
You gain the combat prowess of a mighty hero.
The cane toad stings you but does no damage.
You eviscerate the cane toad!!!
You kill the cane toad!
Okawaru accepts your kill.
You hear an angry hiss.
A wyvern comes into view.
The fire elemental barely misses you. x2
Your base Shields skill increases to level 4!
Your Invocations skill increases to level 1!
You scratch the fire elemental.
The fire elemental is lightly damaged.
The wyvern is engulfed in blazing flames.
The fire elemental hits you. The fire elemental burns you!
The fire elemental hits you. The fire elemental burns you!
You die...

.......#..$.
.
#........$.
.. .........
#P.#.......
#.........
#......l0
#......E#
.....0E@#
#...P0E.#
###..0..+
........#
.........
.P#...... #
##.....
P......


You could see 3 fire elementals and a wyvern.

Vanquished Creatures
  Josephine (D:9)
  An ogre mage (D:10)
  A death yak (D:10)
  Erica (D:9)
  A lindwurm (Lair:2)
  A necromancer (D:9)
  4 elephants (Lair:2)
  3 cane toads
  An unseen horror (D:10)
  4 komodo dragons
  An unseen horror zombie (D:9)
  A meliai (D:10)
  3 polar bears (D:10)
  A troll (D:10)
  3 unseen horror skeletons (D:9)
  2 hornets
  Grinder (D:6)
  A slime creature (D:10)
  2 centaur simulacra (D:10)
  4 flying skulls (D:9)
  2 shadows
  6 wraiths
  A wyvern (D:7)
  3 unseen horror simulacra (D:10)
  14 yaks
  A vampire mosquito (D:10)
  4 water moccasins
  8 ice beasts
  6 orc warriors
  A hornet zombie (D:9)
  2 black bears
  5 wolves (D:10)
  7 centaurs
  2 phantoms
  3 kobold brigands
  2 necrophages
  2 bullfrogs
  2 wyvern zombies (D:9)
  A scorpion (D:5)
  2 water moccasin zombies (D:4)
  A wyvern skeleton (D:9)
  13 wights
  10 killer bees
  A howler monkey (D:10)
  10 electric eels
  A bullfrog zombie (D:4)
  3 centaur zombies (D:9)
  4 hounds
  3 jellies
  4 centaur skeletons (D:9)
  3 orc priests (D:9)
  A gnoll bouda (D:7)
  3 iguanas
  9 orc wizards
  2 hound zombies (D:4)
  3 howler monkey zombies (D:9)
  Robin (D:2)
  6 adders
  A shadow imp (D:7)
  2 white imps
  An adder skeleton (D:4)
  2 worms
  A dart slug (D:3)
  41 orcs
  6 ball pythons
  7 bats
  5 endoplasms
  6 giant cockroaches
  21 goblins
  9 hobgoblins
  7 jackals
  7 quokkas
  4 frilled lizards
  20 kobolds
  4 rats
333 creatures vanquished.

Vanquished Creatures (others)
  5 fungi (Lair:2)
  6 plants (D:10)
11 creatures vanquished.

Grand Total: 344 creatures vanquished

Notes
Turn   | Place    | Note
-------+----------+-------------------------------------------
     0 | D:1      | qw the Troll Cinder Acolyte began the quest for the Orb.
     0 | D:1      | Reached XP level 1. HP: 22/22 MP: 1/1
     0 | D:1      | 0 ||| qw: Version: 0.1-a-97-g2dd2ca4
     0 | D:1      | 0 ||| qw: Game counter: 4786
     0 | D:1      | 0 ||| qw: Always use a shield: true
     0 | D:1      | 0 ||| qw: God list: Okawaru
     0 | D:1      | 0 ||| qw: Allow faded altars: false
     0 | D:1      | 0 ||| qw: Do Orc after D:15 true
     0 | D:1      | 0 ||| qw: Do second Lair branch before Depths: true
     0 | D:1      | 0 ||| qw: Lair rune preference: random
     0 | D:1      | 0 ||| qw: Plans: Normal
     0 | D:1      | 0 ||| PLANNING D:1-11
    10 | D:1      | 10 ||| Stepping ~*~*~tactically~*~*~ (stealth).
   146 | D:1      | Reached XP level 2. HP: 29/29 MP: 2/2
   350 | D:1      | Reached skill level 4 in Unarmed Combat
   637 | D:1      | Found a faded altar of an unknown god.
   644 | D:1      | 644 ||| READING scroll labelled YTSIPY JINAZEH.
   645 | D:1      | 645 ||| READING scroll labelled UROYSTR RANOEVY.
   746 | D:1      | 746 ||| READING 2 scrolls labelled KINOPA COUGG.
   750 | D:1      | 750 ||| READING scroll labelled WAHYUTOFEK.
   751 | D:1      | 751 ||| READING 2 scrolls labelled APPUBU GIGGANWIP.
   752 | D:1      | 752 ||| DRINKING 2 lumpy brown potions.
   753 | D:1      | 753 ||| DRINKING 2 yellow potions.
   754 | D:1      | 754 ||| DROPPING scroll of vulnerability.
   793 | D:2      | Noticed Robin
   794 | D:2      | 794 ||| Stepping ~*~*~tactically~*~*~ (hiding).
   854 | D:2      | Reached XP level 3. HP: 36/36 MP: 3/3
   856 | D:2      | 856 ||| Stepping ~*~*~tactically~*~*~ (outnumbered).
   858 | D:2      | 858 ||| Stepping ~*~*~tactically~*~*~ (outnumbered).
   859 | D:2      | 859 ||| Stepping ~*~*~tactically~*~*~ (outnumbered).
   860 | D:2      | 860 ||| Stepping ~*~*~tactically~*~*~ (outnumbered).
   861 | D:2      | 861 ||| Stepping ~*~*~tactically~*~*~ (outnumbered).
   862 | D:2      | 862 ||| Stepping ~*~*~tactically~*~*~ (outnumbered).
   865 | D:2      | 865 ||| INVOKING Fiery Armour.
   876 | D:2      | Killed Robin
  1008 | D:2      | Reached skill level 5 in Unarmed Combat
  1008 | D:2      | Reached XP level 4. HP: 35/44 MP: 4/4
  1116 | D:2      | 1116 ||| Stepping ~*~*~tactically~*~*~ (stealth).
  1119 | D:2      | 1119 ||| Stepping ~*~*~tactically~*~*~ (stealth).
  1315 | D:2      | 1315 ||| UPGRADING to +4 ring of slaying {mikee}.
  1316 | D:2      | 1316 ||| READING scroll labelled WOUNNE KEKUTA.
  1317 | D:2      | 1317 ||| READING scroll labelled JIBIEN QINGU.
  1318 | D:2      | 1318 ||| DRINKING 2 sedimented golden potions.
  1419 | D:2      | 1419 ||| DROPPING potion of ambrosia.
  1433 | D:3      | 1433 ||| STAIRDANCE
  1448 | D:3      | 1448 ||| Stepping ~*~*~tactically~*~*~ (stealth).
  1449 | D:3      | 1449 ||| Stepping ~*~*~tactically~*~*~ (stealth).
  1453 | D:3      | 1453 ||| Stepping ~*~*~tactically~*~*~ (stealth).
  1502 | D:3      | 1502 ||| Stepping ~*~*~tactically~*~*~ (hiding).
  1503 | D:3      | 1503 ||| Stepping ~*~*~tactically~*~*~ (hiding).
  1504 | D:3      | 1504 ||| Stepping ~*~*~tactically~*~*~ (stealth).
  1505 | D:3      | 1505 ||| Stepping ~*~*~tactically~*~*~ (stealth).
  1545 | D:3      | 1545 ||| Stepping ~*~*~tactically~*~*~ (stealth).
  1567 | D:3      | 1567 ||| Stepping ~*~*~tactically~*~*~ (stealth).
  1572 | D:3      | 1572 ||| Stepping ~*~*~tactically~*~*~ (hiding).
  1579 | D:3      | 1579 ||| Stepping ~*~*~tactically~*~*~ (outnumbered).
  1580 | D:3      | 1580 ||| Stepping ~*~*~tactically~*~*~ (outnumbered).
  1586 | D:3      | Reached XP level 5. HP: 49/50 MP: 5/5
  1590 | D:3      | Reached skill level 6 in Unarmed Combat
  1833 | D:3      | 1833 ||| Stepping ~*~*~tactically~*~*~ (hiding).
  1835 | D:3      | 1835 ||| Stepping ~*~*~tactically~*~*~ (hiding).
  1955 | D:3      | 1955 ||| READING scroll labelled QEBLARPHYRCHU.
  1956 | D:3      | 1956 ||| READING scroll labelled FOUBLY ECIOJ.
  1957 | D:3      | 1957 ||| DRINKING 2 brown potions.
  1957 | D:3      | Gained mutation: You passively dampen the noise of your
                  | surroundings. [potion of mutation]
  1957 | D:3      | Gained mutation: You have a pair of small horns on your
                  | head. [potion of mutation]
  1957 | D:3      | Gained mutation: Your flesh is heat resistant. (rF+)
                  | [potion of mutation]
  1960 | D:3      | Found a shimmering altar of Xom.
  1961 | D:3      | 1961 ||| DRINKING 2 lumpy white potions.
  2114 | D:3      | Found a blossoming altar of Fedhas.
  2180 | D:3      | Found an ornate altar of the Wu Jian Council.
  2187 | D:3      | Found a burning altar of Makhleb.
  2439 | D:3      | 2439 ||| READING scroll labelled FEIMNUENOPS.
  2440 | D:3      | 2440 ||| DROPPING potion of berserk rage.
  2562 | D:4      | Noticed an ice beast
  2568 | D:4      | Killed an ice beast
  2569 | D:4      | Reached skill level 7 in Unarmed Combat
  2569 | D:4      | Reached XP level 6. HP: 36/59 MP: 6/6
  2758 | D:4      | 2758 ||| Stepping ~*~*~tactically~*~*~ (stealth).
  2875 | D:4      | Found a sacrificial altar of Ru.
  2885 | D:4      | Found an opulent altar of Gozag.
  2916 | D:4      | 2916 ||| Stepping ~*~*~tactically~*~*~ (stealth).
  3022 | D:4      | Found a staircase to the Ecumenical Temple.
  3140 | D:4      | 3140 ||| DROPPING ring of ice.
  3141 | D:4      | 3141 ||| UPGRADING to +4 ring of evasion.
  3142 | D:4      | 3142 ||| READING 3 scrolls labelled MYTZOTHR PEHAWISUD.
  3143 | D:4      | 3143 ||| DRINKING 2 green potions.
  3144 | D:4      | 3144 ||| DRINKING 2 clear potions.
  3145 | D:4      | 3145 ||| DRINKING 2 glowing silvery potions.
  3146 | D:4      | 3146 ||| DROPPING potion of degeneration.
  3147 | D:4      | 3147 ||| DROPPING potion of brilliance.
  3162 | D:5      | Entered Level 5 of the Dungeon
  3165 | D:5      | Reached skill level 8 in Unarmed Combat
  3165 | D:5      | Reached XP level 7. HP: 66/66 MP: 7/7
  3234 | D:5      | Reached skill level 3 in Fighting
  3265 | D:5      | 3265 ||| Stepping ~*~*~tactically~*~*~ (stealth).
  3797 | D:5      | 3797 ||| READING 4 scrolls of teleportation.
  3845 | D:5      | 3845 ||| READING 3 scrolls of teleportation.
  3846 | D:5      | 3846 ||| STAIRDANCE
  3905 | D:5      | 3905 ||| Stepping ~*~*~tactically~*~*~ (outnumbered).
  3909 | D:5      | Reached skill level 9 in Unarmed Combat
  3909 | D:5      | Reached XP level 8. HP: 67/75 MP: 8/8
  3920 | D:5      | 3920 ||| READING 2 scrolls of teleportation.
  3995 | D:6      | Found a sparkling altar of Nemelex Xobeh.
  4007 | D:6      | 4007 ||| FLEEEEING.
  4008 | D:6      | 4008 ||| FLEEEEING.
  4009 | D:6      | 4009 ||| FLEEEEING.
  4011 | D:6      | 4011 ||| FLEEEEING.
  4012 | D:6      | 4012 ||| FLEEEEING.
  4013 | D:6      | 4013 ||| FLEEEEING.
  4014 | D:6      | 4014 ||| FLEEEEING.
  4015 | D:6      | 4015 ||| FLEEEEING.
  4016 | D:6      | 4016 ||| FLEEEEING.
  4017 | D:6      | 4017 ||| FLEEEEING.
  4018 | D:6      | 4018 ||| FLEEEEING.
  4019 | D:6      | 4019 ||| FLEEEEING.
  4020 | D:6      | 4020 ||| FLEEEEING.
  4045 | D:6      | Found a bloodstained altar of Trog.
  4275 | D:6      | Noticed Grinder
  4290 | D:6      | Killed Grinder
  4292 | D:6      | 4292 ||| INVOKING Fiery Armour.
  4357 | D:6      | Reached skill level 10 in Unarmed Combat
  4370 | D:6      | Reached skill level 1 in Dodging
  4473 | D:6      | 4473 ||| Stepping ~*~*~tactically~*~*~ (stealth).
  4491 | D:6      | Reached skill level 11 in Unarmed Combat
  4491 | D:6      | Reached XP level 9. HP: 84/84 MP: 9/9
  4832 | D:6      | 4832 ||| READING 3 scrolls of identify.
  4832 | D:6      | 4832 ||| IDENTIFYING coppery potion
  4833 | D:6      | 4833 ||| READING 2 scrolls of identify.
  4833 | D:6      | 4833 ||| IDENTIFYING purple potion
  4871 | D:7      | 4871 ||| Stepping ~*~*~tactically~*~*~ (hiding).
  4880 | D:7      | 4880 ||| Stepping ~*~*~tactically~*~*~ (outnumbered).
  4881 | D:7      | 4881 ||| Stepping ~*~*~tactically~*~*~ (outnumbered).
  4882 | D:7      | 4882 ||| Stepping ~*~*~tactically~*~*~ (outnumbered).
  4884 | D:7      | 4884 ||| Stepping ~*~*~tactically~*~*~ (outnumbered).
  4900 | D:7      | Reached skill level 3 in Throwing
  4946 | D:7      | Found a runed translucent door.
  4947 | D:7      | Noticed Crazy Yiuf
  5448 | D:7      | 5448 ||| Stepping ~*~*~tactically~*~*~ (hiding).
  5461 | D:7      | 5461 ||| Stepping ~*~*~tactically~*~*~ (stealth).
  5475 | D:7      | 5475 ||| Stepping ~*~*~tactically~*~*~ (stealth).
  5967 | D:7      | 5967 ||| DRINKING 2 sapphire potions.
  5968 | D:7      | 5968 ||| DROPPING potion of attraction.
  6047 | D:8      | Reached skill level 12 in Unarmed Combat
  6182 | D:8      | Found Temim's Distillery.
  6197 | D:8      | 6197 ||| BUYING potion of curing (39 gold).
  6197 | D:8      | Bought a potion of curing for 39 gold pieces
  6197 | D:8      | 6197 ||| BUYING potion of curing (39 gold).
  6197 | D:8      | Bought a potion of curing for 39 gold pieces
  6197 | D:8      | 6197 ||| BUYING potion of curing (39 gold).
  6197 | D:8      | Bought a potion of curing for 39 gold pieces
  6197 | D:8      | 6197 ||| SHOPLISTING potion of experience (650 gold, have
                  | 338).
  6197 | D:8      | 6197 ||| BUYING potion of might (52 gold).
  6197 | D:8      | Bought a potion of might for 52 gold pieces
  6197 | D:8      | 6197 ||| BUYING potion of mutation (104 gold).
  6197 | D:8      | Bought a potion of mutation for 104 gold pieces
  6197 | D:8      | 6197 ||| BUYING potion of mutation (104 gold).
  6197 | D:8      | Bought a potion of mutation for 104 gold pieces
  6205 | D:8      | 6205 ||| Stepping ~*~*~tactically~*~*~ (hiding).
  6339 | D:8      | 6339 ||| Stepping ~*~*~tactically~*~*~ (stealth).
  6346 | D:8      | 6346 ||| Stepping ~*~*~tactically~*~*~ (stealth).
  6349 | D:8      | 6349 ||| Stepping ~*~*~tactically~*~*~ (stealth).
  6351 | D:8      | 6351 ||| Stepping ~*~*~tactically~*~*~ (stealth).
  6582 | D:8      | 6582 ||| UPGRADING to +0 robe of fire resistance.
  6592 | D:8      | 6592 ||| DROPPING +0 robe.
  6593 | D:8      | 6593 ||| READING scroll labelled SUROSU LUEXI.
  6594 | D:8      | 6594 ||| READING scroll labelled YGOOTE LOHIPTE.
  6595 | D:8      | 6595 ||| READING 2 scrolls of identify.
  6595 | D:8      | 6595 ||| IDENTIFYING fizzy blue potion
  6623 | D:9      | 6623 ||| Stepping ~*~*~tactically~*~*~ (outnumbered).
  6625 | D:9      | 6625 ||| Stepping ~*~*~tactically~*~*~ (outnumbered).
  6626 | D:9      | 6626 ||| Stepping ~*~*~tactically~*~*~ (outnumbered).
  6627 | D:9      | 6627 ||| Stepping ~*~*~tactically~*~*~ (outnumbered).
  6631 | D:9      | 6631 ||| Stepping ~*~*~tactically~*~*~ (outnumbered).
  6633 | D:9      | 6633 ||| Stepping ~*~*~tactically~*~*~ (outnumbered).
  6634 | D:9      | 6634 ||| Stepping ~*~*~tactically~*~*~ (outnumbered).
  6635 | D:9      | 6635 ||| Stepping ~*~*~tactically~*~*~ (outnumbered).
  6636 | D:9      | 6636 ||| Stepping ~*~*~tactically~*~*~ (outnumbered).
  6637 | D:9      | 6637 ||| Stepping ~*~*~tactically~*~*~ (outnumbered).
  6638 | D:9      | 6638 ||| Stepping ~*~*~tactically~*~*~ (outnumbered).
  6639 | D:9      | 6639 ||| Stepping ~*~*~tactically~*~*~ (outnumbered).
  6640 | D:9      | 6640 ||| Stepping ~*~*~tactically~*~*~ (outnumbered).
  6648 | D:9      | Noticed Erica
  6649 | D:9      | 6649 ||| INVOKING Fiery Armour.
  6661 | D:9      | 6661 ||| DRINKING 5 potions of curing.
  6661 | D:9      | 6661 ||| (to cure confusion)
  6668 | D:9      | Killed Erica
  6669 | D:9      | Reached skill level 13 in Unarmed Combat
  6669 | D:9      | Reached XP level 10. HP: 48/96 MP: 10/10
  6764 | D:9      | 6764 ||| Stepping ~*~*~tactically~*~*~ (stealth).
  6780 | D:9      | 6780 ||| Stepping ~*~*~tactically~*~*~ (stealth).
  6791 | D:9      | 6791 ||| INVOKING Fiery Armour.
  6801 | D:9      | 6801 ||| Stepping ~*~*~tactically~*~*~ (stealth).
  6859 | D:9      | Reached skill level 14 in Unarmed Combat
  6883 | D:9      | Noticed Josephine
  6889 | D:9      | 6889 ||| Stepping ~*~*~tactically~*~*~ (outnumbered).
  6890 | D:9      | 6890 ||| Stepping ~*~*~tactically~*~*~ (stealth).
  6897 | D:9      | HP: 19/85 [wyvern zombie (6)]
  6898 | D:9      | 6898 ||| READING 5 scrolls of teleportation.
  6898 | D:9      | Killed Josephine
  6899 | D:9      | Reached skill level 6 in Fighting
  6899 | D:9      | 6899 ||| DRINKING potion of heal wounds.
  6900 | D:9      | 6900 ||| Stepping ~*~*~tactically~*~*~ (outnumbered).
  6991 | D:9      | 6991 ||| Stepping ~*~*~tactically~*~*~ (hiding).
  7119 | D:9      | 7119 ||| INVOKING Fiery Armour.
  7218 | D:9      | 7218 ||| INVOKING Fiery Armour.
  7225 | D:9      | 7225 ||| Stepping ~*~*~tactically~*~*~ (outnumbered).
  7226 | D:9      | 7226 ||| Stepping ~*~*~tactically~*~*~ (outnumbered).
  7227 | D:9      | 7227 ||| Stepping ~*~*~tactically~*~*~ (outnumbered).
  7228 | D:9      | 7228 ||| Stepping ~*~*~tactically~*~*~ (outnumbered).
  7229 | D:9      | 7229 ||| Stepping ~*~*~tactically~*~*~ (outnumbered).
  7230 | D:9      | 7230 ||| Stepping ~*~*~tactically~*~*~ (outnumbered).
  7234 | D:9      | 7234 ||| Stepping ~*~*~tactically~*~*~ (outnumbered).
  7235 | D:9      | 7235 ||| Stepping ~*~*~tactically~*~*~ (outnumbered).
  7236 | D:9      | 7236 ||| Stepping ~*~*~tactically~*~*~ (outnumbered).
  7240 | D:9      | 7240 ||| Stepping ~*~*~tactically~*~*~ (outnumbered).
  7241 | D:9      | 7241 ||| Stepping ~*~*~tactically~*~*~ (outnumbered).
  7245 | D:9      | 7245 ||| Stepping ~*~*~tactically~*~*~ (outnumbered).
  7252 | D:9      | Reached XP level 11. HP: 49/107 MP: 11/11
  7328 | D:9      | Reached skill level 15 in Unarmed Combat
  7391 | D:9      | 7391 ||| Stepping ~*~*~tactically~*~*~ (outnumbered).
  7392 | D:9      | 7392 ||| Stepping ~*~*~tactically~*~*~ (outnumbered).
  7393 | D:9      | 7393 ||| Stepping ~*~*~tactically~*~*~ (outnumbered).
  7394 | D:9      | 7394 ||| Stepping ~*~*~tactically~*~*~ (outnumbered).
  7395 | D:9      | 7395 ||| Stepping ~*~*~tactically~*~*~ (outnumbered).
  7396 | D:9      | 7396 ||| Stepping ~*~*~tactically~*~*~ (outnumbered).
  7397 | D:9      | 7397 ||| Stepping ~*~*~tactically~*~*~ (outnumbered).
  7398 | D:9      | 7398 ||| Stepping ~*~*~tactically~*~*~ (outnumbered).
  7399 | D:9      | 7399 ||| Stepping ~*~*~tactically~*~*~ (outnumbered).
  7400 | D:9      | 7400 ||| Stepping ~*~*~tactically~*~*~ (outnumbered).
  7401 | D:9      | 7401 ||| Stepping ~*~*~tactically~*~*~ (outnumbered).
  7402 | D:9      | 7402 ||| Stepping ~*~*~tactically~*~*~ (outnumbered).
  7406 | D:9      | 7406 ||| Stepping ~*~*~tactically~*~*~ (outnumbered).
  7407 | D:9      | 7407 ||| Stepping ~*~*~tactically~*~*~ (outnumbered).
  7408 | D:9      | 7408 ||| Stepping ~*~*~tactically~*~*~ (outnumbered).
  7409 | D:9      | 7409 ||| Stepping ~*~*~tactically~*~*~ (outnumbered).
  7410 | D:9      | 7410 ||| Stepping ~*~*~tactically~*~*~ (outnumbered).
  7411 | D:9      | 7411 ||| Stepping ~*~*~tactically~*~*~ (outnumbered).
  7412 | D:9      | 7412 ||| Stepping ~*~*~tactically~*~*~ (outnumbered).
  7413 | D:9      | 7413 ||| Stepping ~*~*~tactically~*~*~ (outnumbered).
  7414 | D:9      | 7414 ||| Stepping ~*~*~tactically~*~*~ (outnumbered).
  7418 | D:9      | 7418 ||| Stepping ~*~*~tactically~*~*~ (outnumbered).
  7419 | D:9      | 7419 ||| Stepping ~*~*~tactically~*~*~ (outnumbered).
  7420 | D:9      | 7420 ||| Stepping ~*~*~tactically~*~*~ (outnumbered).
  7421 | D:9      | 7421 ||| Stepping ~*~*~tactically~*~*~ (outnumbered).
  7550 | D:9      | Noticed a necromancer
  7557 | D:9      | HP: 22/97 [necromancer/bolt of negative energy (32)]
  7558 | D:9      | 7558 ||| READING 4 scrolls of teleportation.
  7559 | D:9      | 7559 ||| INVOKING Fiery Armour.
  7650 | D:9      | Killed a necromancer
  7686 | D:9      | 7686 ||| Stepping ~*~*~tactically~*~*~ (hiding).
  7690 | D:9      | 7690 ||| Stepping ~*~*~tactically~*~*~ (outnumbered).
  7691 | D:9      | 7691 ||| Stepping ~*~*~tactically~*~*~ (outnumbered).
  7743 | D:9      | Found a stormy altar of Qazlal.
  7846 | D:9      | 7846 ||| Stepping ~*~*~tactically~*~*~ (outnumbered).
  7847 | D:9      | 7847 ||| Stepping ~*~*~tactically~*~*~ (outnumbered).
  7853 | D:9      | 7853 ||| INVOKING Fiery Armour.
  8173 | D:9      | 8173 ||| UPGRADING to +2 robe.
  8183 | D:9      | 8183 ||| READING 4 scrolls of identify.
  8183 | D:9      | 8183 ||| IDENTIFYING murky orange potion
  8184 | D:9      | 8184 ||| DROPPING potion of lignification.
  8203 | D:10     | Entered Level 10 of the Dungeon
  8204 | D:10     | Found a shadowy altar of Dithmenos.
  8219 | D:10     | 8219 ||| Stepping ~*~*~tactically~*~*~ (hiding).
  8220 | D:10     | 8220 ||| Stepping ~*~*~tactically~*~*~ (hiding).
  8222 | D:10     | 8222 ||| Stepping ~*~*~tactically~*~*~ (hiding).
  8223 | D:10     | 8223 ||| Stepping ~*~*~tactically~*~*~ (hiding).
  8364 | D:10     | 8364 ||| Stepping ~*~*~tactically~*~*~ (hiding).
  8367 | D:10     | 8367 ||| Stepping ~*~*~tactically~*~*~ (hiding).
  8417 | D:10     | 8417 ||| Stepping ~*~*~tactically~*~*~ (stealth).
  8429 | D:10     | Found a staircase to the Lair.
  8497 | D:10     | Noticed a death yak
  8498 | D:10     | 8498 ||| INVOKING Fiery Armour.
  8505 | D:10     | 8505 ||| Stepping ~*~*~tactically~*~*~ (outnumbered).
  8506 | D:10     | 8506 ||| Stepping ~*~*~tactically~*~*~ (outnumbered).
  8508 | D:10     | Reached skill level 16 in Unarmed Combat
  8508 | D:10     | 8508 ||| Stepping ~*~*~tactically~*~*~ (outnumbered).
  8510 | D:10     | Killed a death yak
  8556 | D:10     | 8556 ||| Stepping ~*~*~tactically~*~*~ (stealth).
  8556 | D:10     | Noticed an ogre mage
  8557 | D:10     | 8557 ||| Stepping ~*~*~tactically~*~*~ (stealth).
  8572 | D:10     | 8572 ||| FLEEEEING.
  8573 | D:10     | 8573 ||| FLEEEEING.
  8574 | D:10     | Killed an ogre mage
  8580 | D:10     | 8580 ||| FLEEEEING.
  8607 | D:10     | 8607 ||| Stepping ~*~*~tactically~*~*~ (stealth).
  8855 | D:10     | 8855 ||| FLEEEEING.
  8856 | D:10     | 8856 ||| FLEEEEING.
  8857 | D:10     | 8857 ||| FLEEEEING.
  8858 | D:10     | 8858 ||| FLEEEEING.
  8859 | D:10     | 8859 ||| FLEEEEING.
  8860 | D:10     | 8860 ||| FLEEEEING.
  8861 | D:10     | 8861 ||| FLEEEEING.
  8862 | D:10     | 8862 ||| FLEEEEING.
  8863 | D:10     | 8863 ||| FLEEEEING.
  8864 | D:10     | 8864 ||| FLEEEEING.
  8896 | D:10     | 8896 ||| Stepping ~*~*~tactically~*~*~ (outnumbered).
  8897 | D:10     | 8897 ||| Stepping ~*~*~tactically~*~*~ (outnumbered).
  8898 | D:10     | 8898 ||| Stepping ~*~*~tactically~*~*~ (outnumbered).
  8899 | D:10     | 8899 ||| Stepping ~*~*~tactically~*~*~ (outnumbered).
  8900 | D:10     | 8900 ||| INVOKING Fiery Armour.
  8901 | D:10     | 8901 ||| Stepping ~*~*~tactically~*~*~ (outnumbered).
  8902 | D:10     | 8902 ||| Stepping ~*~*~tactically~*~*~ (hiding).
  8903 | D:10     | 8903 ||| Stepping ~*~*~tactically~*~*~ (outnumbered).
  8904 | D:10     | 8904 ||| Stepping ~*~*~tactically~*~*~ (outnumbered).
  8910 | D:10     | Reached skill level 17 in Unarmed Combat
  8911 | D:10     | 8911 ||| Stepping ~*~*~tactically~*~*~ (outnumbered).
  8912 | D:10     | 8912 ||| Stepping ~*~*~tactically~*~*~ (outnumbered).
  8918 | D:10     | 8918 ||| FLEEEEING.
  8919 | D:10     | 8919 ||| FLEEEEING.
  8921 | D:10     | 8921 ||| Stepping ~*~*~tactically~*~*~ (outnumbered).
  8922 | D:10     | 8922 ||| Stepping ~*~*~tactically~*~*~ (outnumbered).
  8923 | D:10     | 8923 ||| Stepping ~*~*~tactically~*~*~ (outnumbered).
  8924 | D:10     | 8924 ||| Stepping ~*~*~tactically~*~*~ (outnumbered).
  9021 | D:10     | Found a broken altar of Ashenzari.
  9151 | D:10     | Found a runed translucent door.
  9151 | D:10     | Found a shimmering altar of Xom.
  9151 | D:10     | Noticed Yakesh's ghost (journeyman MiFi)
  9151 | D:10     | Noticed a +2 hand axe of chaos
  9168 | D:10     | Reached XP level 12. HP: 118/118 MP: 12/12
  9278 | D:10     | 9278 ||| INVOKING Fiery Armour.
  9279 | D:10     | HP: 26/118 [electric eel/bolt of electricity (13)]
  9280 | D:10     | 9280 ||| READING 4 scrolls of teleportation.
  9672 | D:10     | 9672 ||| UPGRADING to +0 troll leather armour.
  9682 | D:10     | 9682 ||| PLANNING LAIR
  9682 | D:10     | 9682 ||| DROPPING +2 robe.
  9683 | D:10     | 9683 ||| UPGRADING to ring of poison resistance.
  9685 | D:10     | 9685 ||| READING scroll labelled YTEDWUOVU.
  9716 | D:10     | 9716 ||| READING 5 scrolls of identify.
  9716 | D:10     | 9716 ||| IDENTIFYING fuming coppery potion
  9717 | D:10     | 9717 ||| DROPPING potion of flight.
  9774 | Lair:1   | Entered Level 1 of the Lair of Beasts
  9782 | Lair:1   | Reached skill level 1 in Armour
  9831 | Lair:1   | 9831 ||| Stepping ~*~*~tactically~*~*~ (stealth).
  9852 | Lair:1   | 9852 ||| INVOKING Fiery Armour.
  9856 | Lair:1   | 9856 ||| Stepping ~*~*~tactically~*~*~ (outnumbered).
  9874 | Lair:1   | HP: 27/118 [electric eel/bolt of electricity (7)]
  9875 | Lair:1   | 9875 ||| READING 3 scrolls of teleportation.
 10231 | Lair:1   | Identified the +7 whip of Ucyir {pain, rElec rC++ Str-4
                  | Int+9}
 10298 | Lair:1   | 10298 ||| INVOKING Fiery Armour.
 10399 | Lair:1   | 10399 ||| PLANNING TEMPLE
 10399 | Lair:1   | 10399 ||| DROPPING scarf of invisibility.
 10603 | Temple   | Entered the Ecumenical Temple
 10612 | Temple   | 10612 ||| PLANNING CONVERSION TO OKAWARU
 10619 | Temple   | Fell from the grace of Ignis
 10619 | Temple   | Became a worshipper of Warmaster Okawaru
 10620 | Temple   | 10620 ||| PLANNING LAIR
 11123 | Lair:1   | 11123 ||| UPGRADING to +0 kite shield.
 11170 | Lair:2   | Reached skill level 1 in Shields
 11223 | Lair:2   | 11223 ||| Stepping ~*~*~tactically~*~*~ (stealth).
 11232 | Lair:2   | 11232 ||| Stepping ~*~*~tactically~*~*~ (outnumbered).
 11233 | Lair:2   | 11233 ||| Stepping ~*~*~tactically~*~*~ (stealth).
 11234 | Lair:2   | 11234 ||| Stepping ~*~*~tactically~*~*~ (outnumbered).
 11243 | Lair:2   | 11243 ||| Stepping ~*~*~tactically~*~*~ (outnumbered).
 11246 | Lair:2   | Reached skill level 3 in Shields
 11248 | Lair:2   | 11248 ||| Stepping ~*~*~tactically~*~*~ (stealth).
 11252 | Lair:2   | 11252 ||| Stepping ~*~*~tactically~*~*~ (stealth).
 11253 | Lair:2   | 11253 ||| Stepping ~*~*~tactically~*~*~ (outnumbered).
 11254 | Lair:2   | 11254 ||| Stepping ~*~*~tactically~*~*~ (outnumbered).
 11255 | Lair:2   | 11255 ||| Stepping ~*~*~tactically~*~*~ (outnumbered).
 11256 | Lair:2   | Reached * piety under Okawaru
 11257 | Lair:2   | 11257 ||| INVOKING Heroism.
 11259 | Lair:2   | 11259 ||| Stepping ~*~*~tactically~*~*~ (outnumbered).
 11259 | Lair:2   | Noticed a death yak
 11259 | Lair:2   | Noticed a death yak
 11259 | Lair:2   | Noticed a death yak
 11260 | Lair:2   | 11260 ||| Stepping ~*~*~tactically~*~*~ (outnumbered).
 11260 | Lair:2   | Noticed a death yak
 11260 | Lair:2   | Noticed a death yak
 11263 | Lair:2   | 11263 ||| Stepping ~*~*~tactically~*~*~ (outnumbered).
 11264 | Lair:2   | 11264 ||| Stepping ~*~*~tactically~*~*~ (outnumbered).
 11265 | Lair:2   | 11265 ||| INVOKING Heroism.
 11266 | Lair:2   | 11266 ||| INVOKING Heroism.
 11267 | Lair:2   | 11267 ||| Stepping ~*~*~tactically~*~*~ (outnumbered).
 11268 | Lair:2   | 11268 ||| Stepping ~*~*~tactically~*~*~ (outnumbered).
 11268 | Lair:2   | HP: 29/118 [death yak (16)]
 11269 | Lair:2   | 11269 ||| READING 2 scrolls of teleportation.
 11270 | Lair:2   | 11270 ||| Stepping ~*~*~tactically~*~*~ (outnumbered).
 11271 | Lair:2   | 11271 ||| Stepping ~*~*~tactically~*~*~ (outnumbered).
 11272 | Lair:2   | 11272 ||| READING scroll of teleportation.
 11273 | Lair:2   | 11273 ||| INVOKING Heroism.
 11275 | Lair:2   | Reached skill level 1 in Invocations
 11275 | Lair:2   | HP: 7/118 [fire elemental[the fiery vengeance of Ignis]
                  | (14)]
 11275 | Lair:2   | Slain by a fire elemental

Levels and vault maps discovered:
D:1:      reono_arrival_forest_river, layout_basic,
          shapermc_ecumenical_altar_petra
D:2:      layout_rooms, kennysheep_generic_room_2, uniq_robin
D:3:      layout_loops_ring, tgw_xom, fedhas_altar_2, nicolae_overflow_squiral,
          kennysheep_generic_room_10
D:4:      nicolae_BIG_FREAKIN_CUBE, layout_rooms, mainiacjoe_overflow_catwalk,
          nicolae_ru_the_path_less_chosen, serial_undead, serial_undead_f,
          serial_undead_a, serial_undead_e, serial_undead_c, hex_intersection,
          minmay_stone_trees_large, bh_walls_and_bars
D:5:      layout_loops_ring, nicolae_fountain_basement
D:6:      layout_basic, overflow_temple_1_default, nemelex_altar_shiori,
          st_stairs_7, roderic_roman_lattice, uniq_grinder
D:7:      layout_basic, st_stairs_9, uniq_crazy_yiuf_cottage
D:8:      layout_rooms, serial_shops, nicolae_diamond_shop
D:9:      hangedman_screamer, layout_irregular_city,
          mainiacjoe_overflow_alcove_1, enter_bailey_5, uniq_erica
D:10:     nzn_winding_woodlands_small [nzn_winding_woodlands_5x15_garden,
          nzn_winding_woodlands_center_triple_pond,
          nzn_winding_woodlands_5x15_jagged], layout_gridville,
          nicolae_ashenzari_skybound, mainiacjoe_overflow_small_starburst,
          david_lair_shrubbed, ebering_ghost_xom, serial_ice, serial_ice_i,
          serial_ice_h, serial_ice_n, serial_ice_e, serial_ice_g, serial_ice_b,
          serial_ice_c, serial_ice_f, serial_ice_m, serial_ice_o
Temple:   hellmonk_temple_of_storms
Lair:1:   layout_chaotic_city, serial_rivers, chequers_serial_rivers_large_a,
          chequers_serial_rivers_micro_b, chequers_serial_rivers_large_b,
          chequers_serial_rivers_small_b, chequers_serial_rivers_micro_e
Lair:2:   layout_chaotic_city

Skill      XL: |  1  2  3  4  5  6  7  8  9 10 11 12 |
---------------+-------------------------------------+-----
Unarmed Combat | 4 5 7 8 9 11 13 14 17 | 17.6
Fighting       | 3 4 5 6 7 |  7.0
Throwing       | 2 3 4 5 |  5.0
Dodging        | 1 2 |  2.0
Armour         | 1 |  1.0
Shields        | 4 |  4.1
Invocations    | 1 |  1.2
Spellcasting   | |  1.0
Fire Magic     | |  2.1

Action                   |  1- 3 |  4- 6 |  7- 9 | 10-12 || total
-------------------------+-------+-------+-------+-------++-------
Melee: Unarmed           |   106 |   146 |   166 |   331 ||   749
       Punch             |     3 |     2 |     3 |    16 ||    24
       Headbutt          |       |    10 |    26 |    56 ||    92
Throw: Javelin           |       |       |    53 |    50 ||   103
       Boomerang         |       |       |       |    25 ||    25
Invok: Fiery Armour      |     1 |       |     2 |    10 ||    13
       Heroism           |       |       |       |     3 ||     3
  Use: Scroll            |     5 |     6 |     8 |     9 ||    28
       Potion            |     2 |     6 |     2 |     1 ||    11
Armor: Robe              |    48 |    44 |    32 |    81 ||   205
       Troll leather arm |       |       |       |    16 ||    16
Dodge: Dodged            |    55 |    56 |    96 |   213 ||   420
Block: Kite shield       |       |       |       |    24 ||    24

Table legend:
 A = Non-vault XP
 B = Vault XP
 C = Vault XP percentage of total XP
 D = Non-vault monster count
 E = Vault monster count
 F = Vault count percentage of total count
                 A         B        C        D         E       F
            +---------+---------+-------+---------+---------+-------
      Total |   15673 |   14128 |  47.4 |     232 |     101 |  30.3
            +---------+---------+-------+---------+---------+-------
        D:1 |      34 |       0 |   0.0 |      21 |       0 |   0.0
        D:2 |      46 |      52 |  53.1 |      11 |      14 |  56.0
        D:3 |     116 |      27 |  18.9 |      22 |       8 |  26.7
        D:4 |     180 |     254 |  58.5 |      21 |       6 |  22.2
        D:5 |     665 |     150 |  18.4 |      14 |       2 |  12.5
        D:6 |    1156 |     293 |  20.2 |      21 |       2 |   8.7
        D:7 |     881 |      43 |   4.7 |      17 |       2 |  10.5
        D:8 |    1097 |       0 |   0.0 |      22 |       0 |   0.0
        D:9 |    3049 |    6722 |  68.8 |      41 |      37 |  47.4
       D:10 |    1670 |    6587 |  79.8 |      18 |      30 |  62.5
     Lair:1 |    3316 |       0 |   0.0 |      17 |       0 |   0.0
     Lair:2 |    3463 |       0 |   0.0 |       7 |       0 |   0.0
            +---------+---------+-------+---------+---------+-------
